 Dungeon Crawl Stone Soup version 0.27.1-35-g4d5d836560 (console) character file.

Game seed: 14900606023228164057

657534 grimtooth the Brawler (level 26, -9/279 HPs)
             Began as a Demonspawn Hedge Wizard on May 9, 2022.
             Was the Champion of Nemelex Xobeh.
             Killed by divine providence
             ... invoked by a meliai
              (14 damage)
             ... on level 5 of the Abyss on May 27, 2022.
             The game lasted 16:48:52 (79353 turns).

grimtooth the Brawler (Demonspawn Hedge Wizard)    Turns: 79353, Time: 16:48:52

Health: -9/279     AC: 35    Str: 21    XL:     26   Next: 94%
Magic:  25/25      EV: 18    Int: 18    God:    Nemelex Xobeh [******]
Gold:   3235       SH: 13    Dex:  9    Spells: 20/43 levels left

rFire    + . .     SeeInvis +     - Unarmed
rCold    . . .     Faith    .   c - +0 kite shield {AC+3}
rNeg     . . .     Spirit   .   Z - quicksilver dragon scales
rPois    +         Reflect  .   n - +2 helmet {Int+3}
rElec    .         Harm     .   m - +2 cloak {rCorr}
rCorr    +         Rampage  .   (gloves unavailable)
Will     ++...     Rnd*Rage +   P - +2 pair of boots {Fly}
Stlth    +.........             f - amulet of regeneration
HPRegen  0.00/turn              i - ring of Paranoia {+Blink rPois rF+ Str+6 SInv}
MPRegen  0.19/turn              o - +4 ring of evasion

@: about to teleport, sanguine armoured, flying, very slightly contaminated,
inhibited regen, badly diseased, hasted, studying Fire Magic, invisible, very
quick
A: claws 3, powered by pain 3, robust 3, sanguine armour 3, demonic magic 3,
inability to read while threatened, [berserk 3], [clumsy 2], [deformed body],
deterioration 1[+1], dopey 1[+1], low mp 1[+2], [inhibited regeneration], [weak
2], [no potion heal 2], subdued magic 2[+1]
}: 5/15 runes: decaying, serpentine, slimy, silver, abyssal
a: Renounce Religion, Evoke Blink, Draw Escape, Draw Destruction, Draw
Summoning, Triple Draw, Deal Four, Stack Five


You were on level 5 of the Abyss.
You worshipped Nemelex Xobeh.
Nemelex Xobeh was exalted by your worship.
You visited 10 branches of the dungeon, and saw 50 of its levels.
You visited the Abyss 3 times.
You visited 3 bazaars.

You collected 10485 gold pieces.
You spent 7250 gold pieces at shops.

Inventory:

Hand Weapons
 b - a +0 antimagic demon blade
 t - a +2 vampiric demon trident
 u - a +2 demon whip of electrocution
Missiles
 a - 6 atropa-tipped darts
 e - 15 boomerangs (quivered)
 R - 7 silver boomerangs
 S - a throwing net {=f}
Armour
 c - a +0 kite shield of protection (worn)
 m - a +2 cloak of preservation (worn)
 n - a +2 helmet of intelligence (worn)
 N - a scarf of resistance
 P - a +2 pair of boots of flying (worn)
 Z - quicksilver dragon scales (worn)
Jewellery
 f - an amulet of regeneration (around neck)
 i - the ring of Paranoia (left claw) {+Blink rPois rF+ Str+6 SInv}
   (You bought it in a shop on level 2 of the Depths)

   [ring of strength]

   Str:       It affects your strength (+6).
   rF:        It protects you from fire.
   rPois:     It protects you from poison.
   SInv:      It lets you see invisible.
   +Blink:    It lets you blink.
 o - a +4 ring of evasion (right claw)
 z - a +4 ring of protection
 K - the ring of Gasm {rF+ Will+ rCorr Dex+2}
   (You found it on level 5 of the Pits of Slime)

   [ring of willpower]

   Dex:       It affects your dexterity (+2).
   rF:        It protects you from fire.
   rCorr:     It protects you from acid and corrosion.
   Will:      It increases your willpower.
 T - the ring of Pawepneu {rPois Str+3 Slay+5}
   (You bought it in a shop in a bazaar)

   [ring of poison resistance]

   Str:       It affects your strength (+3).
   Slay:      It affects your accuracy & damage with ranged weapons and melee
   (+5).
   rPois:     It protects you from poison.
Wands
 j - a wand of digging (1)
 w - a wand of polymorph (40)
 A - a wand of acid (27)
 B - a wand of paralysis (28)
 G - a wand of mindburst (32)
 I - a wand of flame (37)
 O - a wand of iceblast (20)
 W - a wand of charming (29)
Scrolls
 d - 6 scrolls of fog
 h - 16 scrolls of teleportation
 s - 3 scrolls of amnesia
 v - 9 scrolls of magic mapping
 L - 3 scrolls of blinking
 Q - 3 scrolls of summoning
 U - 6 scrolls of fear
Potions
 l - 3 potions of cancellation
 p - 9 potions of resistance
 r - 3 potions of magic
 x - 7 potions of might
 H - 6 potions of ambrosia
 J - 4 potions of invisibility
 X - 9 potions of curing
Miscellaneous
 g - a phial of floods
 k - a lightning rod (4/4)
 y - a phantom mirror
 M - a condenser vane


   Skills:
 + Level 19.3 Fighting
 - Level 4.0(7.3) Short Blades
 - Level 9.6(10.0) Long Blades
 - Level 10.0 Throwing
 - Level 12.0 Armour
 - Level 12.0 Dodging
 - Level 1.7 Stealth
 - Level 15.0 Shields
 + Level 20.9 Unarmed Combat
 - Level 9.0 Spellcasting
 - Level 6.0 Conjurations
 - Level 12.0 Hexes
 - Level 4.0 Summonings
 - Level 10.0 Translocations
 - Level 4.0 Air Magic
 - Level 4.0 Poison Magic
 - Level 20.0 Invocations
 - Level 10.0 Evocations


You had 20 spell levels left.
You knew the following spells:

 Your Spells              Type           Power      Damage    Failure   Level
a - Manifold Assault      Tloc           23%        N/A       2%          5
b - Call Imp              Summ           11%        N/A       1%          2
c - Mephitic Cloud        Conj/Pois/Air  13%        N/A       2%          3
d - Tukima's Dance        Hex            27%        N/A       1%          3
e - Magic Dart            Conj           60%        1d6       1%          1
g - Passage of Golubria   Tloc           N/A        N/A       1%          4
k - Blink                 Tloc           N/A        N/A       1%          2
p - Apportation           Tloc           46%        N/A       1%          1
x - Slow                  Hex            27%        N/A       0%          2

Your spell library contained the following spells:

 Spells                   Type           Power      Damage    Failure   Level
 Corona                   Hex            30%        N/A       0%          1
 Shock                    Conj/Air       52%        1d6       1%          1
 Summon Small Mammal      Summ           44%        N/A       1%          1
 Ensorcelled Hibernation  Hex/Ice        30%        N/A       1%          2
 Poisonous Vapours        Pois/Air       22%        N/A       1%          2
 Static Discharge         Conj/Air       13%        N/A       1%          2
 Confusing Touch          Hex            27%        N/A       1%          3
 Dazzling Flash           Conj/Hex       42%        N/A       1%          3
 Inner Flame              Hex/Fire       15%        N/A       1%          3
 Lesser Beckoning         Tloc           11%        N/A       1%          3
 Cause Fear               Hex            13%        N/A       1%          4
 Sting                    Tmut/Pois      32%        1d4       2%          1
 Call Canine Familiar     Summ           11%        N/A       3%          3
 Swiftness                Air            11%        N/A       3%          3
 Corpse Rot               Necr/Air       N/A        N/A       4%          2
 Conjure Flame            Conj/Fire      9%         6-21      5%          3
 Stone Arrow              Conj/Erth      18%        3d8       5%          3
 Animate Skeleton         Necr           8%         N/A       7%          1
 Beastly Appendage        Tmut           8%         N/A       7%          1
 Freeze                   Ice            16%        1d4       7%          1
 Pain                     Necr           16%        1d4       7%          1
 Sandblast                Erth           8%         2d5       7%          1
 Silence                  Hex/Air        9%         N/A       7%          5
 Invisibility             Hex            13%        N/A       8%          6
 Spider Form              Tmut/Pois      4%         N/A       10%         3
 Passwall                 Tmut/Erth      3%         N/A       11%         2
 Sublimation of Blood     Necr           2%         N/A       11%         2
 Wereblood                Tmut           4%         N/A       11%         2
 Ignite Poison            Fire/Tmut/Pois 6%         N/A       13%         3
 Airstrike                Air            5%         N/A       14%         4
 Olgreb's Toxic Radiance  Pois           11%        N/A       14%         4
 Summon Lightning Spire   Summ/Air       11%        N/A       14%         4
 Yara's Violent Unravell  Hex/Tmut       7%         3d5       19%         5
 Dispersal                Tloc           11%        N/A       21%         6
 Frozen Ramparts          Ice            8%         1d2       24%         3
 Ozocubu's Armour         Ice            4%         N/A       24%         3
 Vampiric Draining        Necr           2%         2d6       24%         3
 Hailstorm                Conj/Ice       9%         3d4       24%         4
 Sticky Flame             Conj/Fire      9%         2d3       24%         4
 Lightning Bolt           Conj/Air       6%         1d18      28%         5
 Summon Ice Beast         Ice/Summ       8%         N/A       36%         4
 Freezing Cloud           Conj/Ice/Air   5%         6-21      54%         5
 Animate Dead             Necr           2%         N/A       65%         4
 Dispel Undead            Necr           4%         3d7       65%         4
 Ice Form                 Ice/Tmut       4%         N/A       65%         4
 Alistair's Intoxication  Tmut/Pois      5%         N/A       73%         5
 Bolt of Magma            Conj/Fire/Erth 4%         4d5       73%         5
 Conjure Ball Lightning   Conj/Air       6%         3x3d6     88%         6
 Agony                    Necr           4%         N/A       95%         5
 Borgnjor's Vile Clutch   Necr/Erth      2%         N/A       95%         5
 Lee's Rapid Deconstruct  Erth           2%         3d5*      95%         5
 Shadow Creatures         Summ           N/A        N/A       96%         6
 Malign Gateway           Summ/Tloc      8%         N/A       99%         7
 Discord                  Hex            13%        N/A       99%         8
 Death Channel            Necr           2%         N/A       100%        6
 Eringya's Noxious Bog    Tmut/Pois      4%         N/A       100%        6
 Simulacrum               Ice/Necr       2%         N/A       100%        6
 Dragon Form              Tmut           2%         N/A       100%        7
 Haunt                    Necr/Summ      4%         N/A       100%        7
 Ozocubu's Refrigeration  Ice            2%         4d5       100%        7
 Storm Form               Tmut/Air       4%         N/A       100%        7
 Summon Hydra             Summ           5%         N/A       100%        7
 Disjunction              Tloc           11%        N/A       100%        8
 Summon Horrible Things   Summ           5%         N/A       100%        8
 Death's Door             Necr           2%         N/A       100%        9
 Dragon's Call            Summ           5%         N/A       100%        9
 Shatter                  Erth           2%         3d6*      100%        9


Dungeon Overview and Level Annotations

Branches:
Dungeon (15/15)            Temple (1/1) D:7            Lair (6/6) D:8
  Swamp (4/4) Lair:2        Snake (4/4) Lair:4        Slime (5/5) Lair:6
    Orc (2/2) D:10            Elf (3/3) Orc:2        Vaults (5/5) D:14
  Crypt (0/3) Vaults:3     Depths (5/5) D:15            Zot (0/5) Depths:5

Altars:
Ashenzari
Cheibriados
Dithmenos
Elyvilon
Fedhas
Gozag
Hepliaklqana
Kikubaaqudgha
Makhleb
Nemelex Xobeh
Okawaru
Qazlal
Ru
Sif Muna
Trog
Uskayaw
Vehumet
Wu Jian
Xom
Yredelemnul
Zin
The Shining One
Beogh
Jiyva
Lugonu

Shops:
D:3 *   D:10 =   D:11 [   D:13 *   Orc:2 [*:((   Elf:3 [   Snake:1 (*
Snake:3 [(   Vaults:5 [   Depths:1 =::   Depths:2 [[?=:

Portals:
Hell: Depths:1 Depths:2 Depths:3 Depths:4 Depths:5
Abyss: Depths:4 Depths:5
Pandemonium: Depths:3
Ziggurat: Depths:4
Trove: Depths:4 (lose all piety)

Annotations:
D:13 exclusion: orange crystal statue
Snake:4 3 runed translucent doors, Dydoin's ghost, adept DsFi; Sokuv's ghost, adept DECj
Elf:2 3 runed translucent doors
Depths:1 2 transporters, AverageBear's ghost, adept DDFi
Depths:2 1 runed translucent door, ravioli's ghost, veteran DjFE
Abyss:1 Gastronok


Innate Abilities, Weirdness & Mutations

You have claws for hands.
You are powered by pain.
You are extremely robust. (+30% HP)
When seriously injured, your bleeding wounds create very thick armour. (AC +12)
Spells you cast and wands you use may paralyse nearby enemies.
You sometimes lose the ability to read scrolls when taking damage.
[You have an uncontrollable temper.]
[You are very clumsy. (Dex -4)]
[Armour fits poorly on your strangely shaped body.]
[Your body often deteriorates upon taking damage.]
[You are very dopey. (Int -4)]
[Your magical capacity is extremely low. (-30% MP)]
[You do not regenerate when monsters are visible.]
[You are very weak. (Str -4)]
[Potions cannot restore your health.]
[Your spells are much easier to cast, but much less powerful.]


Message History

Aiming: Dig
Press: ? - help, Shift-Dir - straight line, f - you Please select a direction to dig.
There is a cloud of purple smoke here.
The rock shatters into small pieces.
Malevolent energies surge around you.
The water moccasin suddenly stops moving!
A meliai comes into view. It is wielding a +2 war axe of flaming.
Found a book of Minor Magic and two elf corpses.
Nemelex Xobeh deals you some cards!
You now have 12 escape cards, 26 destruction cards and 13 summoning cards.
A spatial vortex comes into view.
You see here a book of Minor Magic.
Okay, then.
Press: ? - help, v - describe, . - travel
Here: a spatial maelstrom (purple smoke)
The floor.
Press: ? - help, v - describe, . - travel
Here: a wretched star (purple smoke)
The floor.
Okay, then.
Unknown command.
A spatial vortex comes into view.
Found an elf corpse.
The meliai hits you but does no damage. You block the meliai's attack.
Press: ? - help, v - describe, . - travel
Here: a meliai, wielding a +2 war axe of flaming and wearing a +0 robe (purple smoke)
The floor.
A meliai comes into view. It is wielding a +0 war axe.
The meliai buzzes angrily.
The meliai closely misses you. You block the meliai's attack.
A spatial vortex comes into view.
A large abomination and a shadow come into view.
The wretched star pulses with an eldritch light!
You feel extremely angry at everything!
You see here an elf corpse.
A starcursed mass comes into view.
The meliai invokes the aid of its god against you.
Something smites you!
You die...
Your body glows slightly and disappears.

#. ..!.. ..
#... .# #. #.
# .# #S #.
..#v #... .# .
#.X v.. X. ..
#.h... #†###.#
#.## †# .#
#..#...#W..
.h.# .. v
#...#...# h
○#. . #..##v##
v###.2
#@v..*#v§ #.
y#*X#
##y.#y†h§§.v.#
v# ###v§§*# .
#.# ##§##§###
..#
##*§§§.§u.##
### ##. ## #.#
L#. .# . .. ..
. #


You could see a starcursed mass (wandering), a spatial maelstrom, a wretched
star, a hell hog, 3 spatial vortices and 2 meliai.

Vanquished Creatures
  the Royal Jelly (Slime:5)
  An ancient lich (Abyss:3)
  4 juggernauts
  2 caustic shrikes
  4 golden dragons
  9 bone dragons
  7 tentacled monstrosities
  4 liches
  Jorgrun (Snake:2)
  3 deep elf blademasters (Elf:3)
  3 deep elf master archers (Elf:3)
  23 acid blobs
  5 titans
  3 quicksilver dragons
  An Executioner (Abyss:4)
  6 sphinxes
  19 tentacled starspawn
  Frances (Snake:2)
  A thorn hunter (Swamp:4)
  9 tengu reavers
  Donald (Vaults:1)
  Agnes (Lair:4)
  6 rockslimes
  A daeva (Abyss:4)
  13 fire giants
  5 storm dragons
  8 azure jellies
  A fenstrider witch (Swamp:3)
  2 nagarajas (Snake:4)
  6 shadow dragons
  Aizul (Elf:3)
  13 vault wardens
  6 iron dragons
  2 balrugs (Abyss:3)
  An emperor scorpion (Slime:5)
  An orc warlord (Vaults:4)
  4 deep elf elementalists (Elf:3)
  14 frost giants
  A draconian scorcher (Depths:5)
  6 deep elf sorcerers
  A ghost moth (Elf:3)
  A draconian shifter (Depths:5)
  A cacodemon (Abyss:3)
  Louise (D:15)
  10 quicksilver oozes
  9 ironbound preservers
  2 war gargoyles
  3 spriggan defenders
  24 very ugly things
  20 stone giants
  3 vampire knights
  5 deep elf demonologists
  6 deep elf annihilators (Elf:3)
  A purple draconian (Depths:5)
  2 minotaurs
  2 green draconians (Depths:5)
  4 red draconians
  11 spark wasps
  8 bunyips
  An entropy weaver (Vaults:2)
  A white draconian (Depths:5)
  5 dire elephants
  4 deep elf death magi
  10 fire dragons
  Snorg (Lair:5)
  3 eleionomae
  10 ettins
  A shambling mangrove (Swamp:3)
  A crystal guardian (Abyss:4)
  4 deep elf high priests
  20 great orbs of eyes
  9 ice dragons
  A blizzard demon (Abyss:3)
  8 rakshasas
  27 vault guards
  7 yaktaur captains
  2 ghost crabs
  3 ironbound thunderhulks
  2 salamander tyrants (Snake:4)
  5 boulder beetles
  9 naga warriors
  14 hydras
  7 ironbound frosthearts
  2 spriggan air magi
  A two-headed ogre (shapeshifter) (Vaults:1)
  An alligator (shapeshifter) (Depths:3)
  Erica (D:8)
  4 centaur warriors
  5 ogre magi
  4 two-headed ogres
  11 deep troll shamans
  10 anacondas
  5 ironbound beastmasters
  4 hell hogs
  5 tengu warriors
  9 alligators
  4 spriggan berserkers
  22 thrashing horrors
  4 deep troll earth magi
  Urug (Orc:2)
  13 death yaks (Lair:4)
  17 naga sharpshooters
  A soul eater (Abyss:4)
  7 deep elf knights
  5 shock serpents
  23 hell knights
  2 shadow wraiths
  A fire crab (shapeshifter) (Depths:3)
  9 spatial maelstroms
  4 sun demons
  A spriggan druid (Swamp:2)
  16 wretched stars
  A fire crab (Snake:3)
  14 iron trolls
  A golden dragon zombie (Depths:1)
  A sea snake (shapeshifter) (Vaults:2)
  A salamander mystic (Snake:4)
  6 sixfirhies
  2 goliath frogs (Swamp:1)
  5 naga ritualists
  5 glowing orange brains
  A storm dragon skeleton (Abyss:2)
  46 deep trolls
  5 flayed ghosts
  6 bog bodies
  5 death drakes
  4 phantasmal warriors
  3 swamp dragons
  15 deep elf archers
  11 lindwurms
  An obsidian statue (Snake:4)
  An orange crystal statue (Vaults:1)
  3 harpies (D:14)
  18 ironbound convokers
  An anaconda skeleton (Abyss:1)
  13 wizards
  17 deep elf pyromancers
  9 necromancers
  54 large abominations
  15 mana vipers
  An iron dragon zombie (Abyss:2)
  2 orb spiders
  22 deep elf zephyrmancers
  2 orc knights
  55 ugly things
  A frost giant zombie (Abyss:3)
  4 orc sorcerers
  A wolf spider (shapeshifter) (Vaults:4)
  A stone giant zombie (Depths:1)
  3 will-o-the-wisps
  4 shining eyes
  7 salamanders
  Maurice (D:13)
  10 worldbinders
  A moth of wrath (Snake:1)
  6 cyclopes
  A stone giant skeleton (Depths:1)
  A toenail golem (Abyss:4)
  2 apocalypse crabs
  39 black mambas
  10 naga magi
  A molten gargoyle (Lair:6)
  4 guardian serpents
  4 eyes of devastation
  A dire elephant zombie (Abyss:3)
  16 vault sentinels
  9 smoke demons
  3 unseen horrors
  3 hellions (Abyss:4)
  4 orange demons
  12 cane toads
  A kobold demonologist (Abyss:4)
  A spriggan zombie (Depths:1)
  14 yaktaurs
  A komodo dragon (shapeshifter) (Abyss:3)
  5 efreet
  4 hellwings
  2 tormentors
  2 guardian mummies (Depths:4)
  10 komodo dragons
  13 freezing wraiths
  4 rime drakes
  3 red devils
  4 tengu conjurers
  A hydra zombie (Abyss:3)
  17 ancient zymes
  A polar bear (shapeshifter) (Elf:1)
  A bloated husk (Swamp:2)
  9 hornets
  A jumping spider (shapeshifter) (D:14)
  A polar bear (Snake:1)
  A queen bee (shapeshifter) (D:15)
  10 tyrant leeches
  A hornet (shapeshifter) (D:10)
  12 trolls
  A wind drake (Lair:3)
  A meliai (Abyss:5)
  A dream sheep (shapeshifter) (Vaults:4)
  A fire dragon zombie (Abyss:1)
  40 raiju
  A snapping turtle (Vaults:4)
  36 blink frogs
  159 slime creatures
  A meliai zombie (D:10)
  17 dancing weapons
  A fire giant simulacrum (Abyss:3)
  A centaur simulacrum (D:15)
  2 redbacks (Vaults:2)
  A shadow (D:11)
  68 starcursed masses
  4 water elementals
  16 flying skulls
  A redback (shapeshifter) (Vaults:5)
  6 wraiths
  8 basilisks
  A tarantella (shapeshifter) (D:15)
  41 yaks
  A fire bat (Abyss:4)
  10 spriggans
  3 vampires
  6 wyverns
  15 ynoxinuls
  23 golden eyes
  3 fire elementals
  2 neqoxecs
  2 swamp worm simulacra (Swamp:4)
  11 chaos spawn
  6 spatial vortices
  A steam dragon (Lair:6)
  24 nagas
  19 vampire mosquitoes
  3 wargs
  15 swamp worms
  3 acid dragons
  23 water moccasins
  A hell hound (Abyss:3)
  Duvessa (D:7)
  14 hydra simulacra (Swamp:4)
  4 floating eyes
  28 orc warriors
  A snapping turtle zombie (Abyss:3)
  3 ice beasts
  A fire dragon simulacrum (Abyss:4)
  4 sky beasts
  4 ogres
  5 black bears
  10 centaurs
  A boggart (Elf:1)
  16 wolves
  A snapping turtle skeleton (Abyss:3)
  3 kobold brigands
  An elf zombie (Abyss:4)
  2 scorpions
  11 bullfrogs
  6 earth elementals
  A wyvern zombie (D:7)
  Dowan (D:7)
  A water moccasin skeleton (D:5)
  A water moccasin zombie (D:7)
  4 wights (D:9)
  18 killer bees (Lair:2)
  13 electric eels
  3 howler monkeys (D:11)
  6 centaur zombies
  3 lava snakes (Lair:6)
  14 jellies
  3 quasits (Abyss:3)
  2 hounds
  16 orc priests
  A bullfrog skeleton (D:5)
  A hound (shapeshifter) (Abyss:4)
  6 iron imps
  A centaur skeleton (D:5)
  An iguana (shapeshifter) (D:14)
  14 orc wizards
  Terence (D:3)
  31 small abominations
  2 iguanas
  2 killer bee zombies
  A hound zombie (D:5)
  2 howler monkey zombies
  A howler monkey skeleton (D:6)
  4 adders
  A shadow imp (D:5)
  10 white imps
  4 ufetubi
  6 swamp drake simulacra (Swamp:4)
  An adder zombie (D:5)
  2 worms (D:2)
  3 dart slugs
  70 orcs
  6 ball pythons
  2 bats
  6 endoplasms
  An endoplasm (shapeshifter) (Vaults:5)
  3 giant cockroaches
  7 goblins
  4 hobgoblins
  5 jackals
  10 kobolds
  2 quokkas
  2 frilled lizards (D:1)
  3 rats
  A fire vortex (Depths:1)
  2 lurking horrors
  10 starspawn tentacles
2285 creatures vanquished.

Vanquished Creatures (collateral kills)
  Mennas (Vaults:3)
  Saint Roka (Orc:2)
  Vashnia (Snake:4)
  Nikola (Swamp:2)
  2 acid blobs (Slime:5)
  A thorn hunter (Swamp:4)
  3 fire giants
  A vault warden (Vaults:3)
  An orc warlord (Orc:1)
  A very ugly thing (Abyss:5)
  A deep elf elementalist (Elf:3)
  An eleionoma (Swamp:3)
  4 ettins
  A fire dragon (Lair:6)
  A boulder beetle (D:11)
  An ice dragon (Depths:4)
  A vault guard (Vaults:3)
  A hydra (Swamp:3)
  A naga warrior (Snake:1)
  2 two-headed ogres (D:10)
  A satyr (Slime:5)
  2 hell hogs (Abyss:5)
  A naga sharpshooter (Snake:4)
  An orc high priest (Orc:2)
  3 hell knights
  A salamander mystic (Snake:4)
  A goliath frog (Swamp:2)
  A torturous demonspawn (Abyss:5)
  A harpy (Lair:4)
  A naga ritualist (Snake:2)
  An orc knight (Orc:2)
  2 shining eyes
  A salamander (Snake:1)
  An apocalypse crab (Abyss:3)
  3 naga magi
  A molten gargoyle (Lair:6)
  3 cane toads
  An orange demon (Abyss:3)
  Maggie (Lair:1)
  A yaktaur (Vaults:2)
  2 komodo dragons
  A queen bee (Lair:2)
  A tyrant leech (Slime:5)
  A blink frog (Abyss:3)
  A slime creature (Slime:5)
  A blink frog (shapeshifter) (D:14)
  4 hornets
  A dream sheep (Lair:4)
  2 small abominations (Abyss:3)
  2 spriggans
  A wyvern (D:8)
  A yak (D:12)
  A yak (shapeshifter) (Depths:2)
  2 basilisks (Lair:6)
  Grum (Lair:1)
  2 nagas
  3 water moccasins
  A floating eye (Slime:5)
  A black bear (D:8)
  3 orc warriors
  2 sky beasts
  4 centaurs
  A phantom (D:4)
  A wyvern skeleton (D:7)
  A killer bee (Lair:2)
  2 lava snakes (Lair:6)
  A centaur zombie (D:7)
  2 starcursed masses (Abyss:3)
  A jelly (Lair:6)
  A quasit (Abyss:3)
  2 orc priests (Orc:2)
  3 orc wizards
  A killer bee zombie (D:7)
  An adder (D:4)
  A white imp (D:7)
  An ufetubus (Lair:6)
  10 orcs
  3 jackals (D:3)
125 creatures vanquished.

Vanquished Creatures (others)
  A caustic shrike (Slime:5)
  A fire giant (Depths:1)
  A deep elf sorcerer (Elf:3)
  A very ugly thing (Abyss:5)
  A thrashing horror (Abyss:4)
  2 hell hogs
  2 hell knights
  A deep elf knight (Elf:3)
  A goliath frog (Swamp:1)
  A quicksilver dragon simulacrum (Abyss:3)
  A wizard (Vaults:2)
  A deep elf zephyrmancer (Elf:1)
  A meliai (Abyss:5)
  3 bloated husks (Swamp:1)
  29 dancing weapons
  A spriggan (Swamp:4)
  A swamp worm (Swamp:4)
  A bullfrog (Lair:2)
  An orc wizard (Orc:2)
  An ufetubus (Abyss:3)
  A bush (Lair:4)
  3 demonic plants (Abyss:3)
  39 foxfires
  67 fungi
  4 lurking horrors
  99 plants
  48 starspawn tentacles
  6 withered plants (Snake:4)
319 creatures vanquished.

Grand Total: 2729 creatures vanquished

Notes
Turn   | Place    | Note
-------+----------+-------------------------------------------
     0 | D:1      | grimtooth the Demonspawn Hedge Wizard began the quest for
                  | the Orb.
     0 | D:1      | Reached XP level 1. HP: 13/13 MP: 4/4
   537 | D:1      | Gained mutation: You have sharp fingernails. [demonic
                  | ancestry]
   537 | D:1      | Reached XP level 2. HP: 19/19 MP: 0/6
  1654 | D:2      | Gained mutation: You sometimes gain a little power by
                  | taking damage. [demonic ancestry]
  1654 | D:2      | Reached XP level 3. HP: 23/24 MP: 0/8
  1729 | D:2      | Learned a level 2 spell: Blink
  1732 | D:2      | Learned a level 2 spell: Call Imp
  1735 | D:2      | Learned a level 2 spell: Slow
  2289 | D:2      | Found a faded altar of an unknown god.
  2639 | D:3      | Gained mutation: You have very sharp fingernails. [demonic
                  | ancestry]
  2639 | D:3      | Reached XP level 4. HP: 15/30 MP: 4/9
  2897 | D:3      | Noticed Terence
  2969 | D:3      | Killed Terence
  3083 | D:3      | Found Tishig's General Store.
  3097 | D:3      | Bought a scroll of identify for 24 gold pieces
  3097 | D:3      | Bought a scroll of identify for 24 gold pieces
  3511 | D:4      | Noticed a phantom
  3540 | D:4      | Killed a phantom
  3541 | D:4      | Reached XP level 5. HP: 21/35 MP: 0/11
  3740 | D:4      | Found an opulent altar of Gozag.
  3925 | D:4      | Found a shadowy altar of Dithmenos.
  3996 | D:4      | Reached skill level 5 in Conjurations
  4024 | D:4      | Gained mutation: When seriously injured, your bleeding
                  | wounds create armour. (AC +12) [demonic ancestry]
  4024 | D:4      | Reached XP level 6. HP: 29/41 MP: 10/12
  4312 | D:3      | Bought a scroll of fear for 42 gold pieces
  4372 | D:4      | Learned a level 3 spell: Mephitic Cloud
  4373 | D:5      | Entered Level 5 of the Dungeon
  4498 | D:5      | Noticed a sky beast
  4509 | D:5      | Killed a sky beast
  4567 | D:5      | Reached skill level 1 in Hexes
  4581 | D:5      | Found a blossoming altar of Fedhas.
  4779 | D:5      | Gained mutation: You have claws for hands. [demonic
                  | ancestry]
  4779 | D:5      | Reached XP level 7. HP: 34/47 MP: 11/13
  5730 | D:6      | Reached skill level 1 in Unarmed Combat
  5757 | D:6      | Found a snail-covered altar of Cheibriados.
  5963 | D:6      | Identified the +7 dagger of Fuzzy Innocence {freeze, rCorr
                  | MP-9 Int+6}
  5977 | D:6      | - great
  5994 | D:5      | - damn centaurs
  6352 | D:6      | - aaagh it hurts
  6353 | D:6      | - oh right rpoi
  6353 | D:6      | - fuckin hell
  6358 | D:6      | - oh and the +7 dagger, of course
  6363 | D:6      | Reached XP level 8. HP: 14/53 MP: 12/14
  6363 | D:6      | - nuts
  6705 | D:6      | Reached skill level 5 in Hexes
  6901 | D:6      | Found a hazy altar of Hepliaklqana.
  6976 | D:6      | Found a stormy altar of Qazlal.
  7068 | D:7      | Noticed a troll
  7552 | D:7      | Found a staircase to the Ecumenical Temple.
  7559 | Temple   | Entered the Ecumenical Temple
  7601 | Temple   | Became a worshipper of Nemelex Xobeh the Trickster
  8072 | D:7      | Noticed Dowan
  8160 | D:7      | Reached skill level 1 in Fighting
  8276 | D:7      | Reached skill level 1 in Short Blades
  8376 | D:7      | Killed a troll
  8572 | D:7      | Found a basalt altar of Yredelemnul.
  8652 | D:7      | Reached XP level 9. HP: 63/65 MP: 6/15
  8706 | D:7      | Noticed Duvessa
  8739 | D:7      | Killed Duvessa
  8742 | D:7      | Killed Dowan
  8831 | D:7      | Found an iron altar of Okawaru.
  9078 | D:8      | Found a hide-covered altar of Uskayaw.
  9191 | D:8      | Reached skill level 5 in Fighting
  9302 | D:8      | Reached skill level 5 in Unarmed Combat
  9345 | D:8      | - who the hell is shooting at me
  9384 | D:8      | Reached skill level 1 in Invocations
  9613 | D:8      | Gained mutation: You sometimes gain power by taking damage.
                  | [demonic ancestry]
  9613 | D:8      | Reached XP level 10. HP: 71/76 MP: 7/16
  9648 | D:8      | Reached skill level 5 in Invocations
  9820 | D:8      | Noticed Erica
  9839 | D:8      | Killed Erica
  9884 | D:8      | Found a staircase to the Lair.
 10521 | D:9      | Got the Disquisition on the Supportive Birds
 10589 | D:9      | Reached * piety under Nemelex Xobeh
 10906 | D:9      | Received a gift from Nemelex Xobeh
 11145 | D:10     | Entered Level 10 of the Dungeon
 11333 | D:10     | Received a gift from Nemelex Xobeh
 11429 | D:10     | Reached ** piety under Nemelex Xobeh
 11648 | D:10     | Reached skill level 5 in Spellcasting
 11666 | D:10     | Noticed a two-headed ogre
 11844 | D:10     | Found a staircase to the Orcish Mines.
 12086 | D:10     | Gained mutation: Spells you cast may paralyse adjacent
                  | enemies. [demonic ancestry]
 12086 | D:10     | Reached XP level 11. HP: 80/81 MP: 19/19
 12244 | D:10     | Noticed Gastronok
 12447 | D:10     | Noticed a sea snake
 12497 | D:10     | Killed a two-headed ogre
 12498 | D:10     | Reached skill level 1 in Air Magic
 12498 | D:10     | Reached skill level 1 in Poison Magic
 12584 | D:10     | Received a gift from Nemelex Xobeh
 12589 | D:10     | Found an iron altar of Okawaru.
 12655 | D:10     | - ouch
 12884 | D:10     | Found Liajys's Jewellery Boutique.
 12884 | D:10     | Noticed a two-headed ogre
 13026 | Lair:1   | Entered Level 1 of the Lair of Beasts
 13271 | Lair:1   | Noticed Grum
 13314 | Lair:1   | Killed Grum
 13474 | Lair:1   | Reached *** piety under Nemelex Xobeh
 13501 | Lair:1   | Noticed Maggie
 13916 | Lair:2   | Received a gift from Nemelex Xobeh
 14064 | Lair:2   | Found a staircase to the Swamp.
 14169 | Lair:2   | - that is too many eels
 14434 | Lair:2   | Noticed an eight-headed hydra
 14527 | Lair:2   | Received a gift from Nemelex Xobeh
 14783 | Lair:2   | Noticed a boulder beetle
 14822 | Lair:2   | Killed a boulder beetle
 14926 | Lair:2   | Reached XP level 12. HP: 76/95 MP: 21/21
 15213 | Lair:3   | Reached skill level 10 in Invocations
 15461 | Lair:3   | Reached **** piety under Nemelex Xobeh
 15720 | Lair:3   | Received a gift from Nemelex Xobeh
 16311 | Lair:4   | Noticed a death yak
 16311 | Lair:4   | Noticed a death yak
 16311 | Lair:4   | Noticed a death yak
 16312 | Lair:4   | Noticed a death yak
 16586 | Lair:4   | Noticed a death yak
 16587 | Lair:4   | Noticed a death yak
 16592 | Lair:4   | Noticed a death yak
 16593 | Lair:4   | Noticed a death yak
 16614 | Lair:4   | Killed a death yak
 16616 | Lair:4   | Noticed a bunyip
 16616 | Lair:4   | a death yak changed into a bunyip
 16617 | Lair:4   | Identified the -1 quarterstaff of Integrity {flame, Int+4}
 16620 | Lair:4   | Noticed a death yak
 16628 | Lair:4   | Killed a death yak
 16670 | Lair:4   | Noticed a death yak
 16671 | Lair:4   | Noticed a death yak
 16671 | Lair:4   | Noticed a death yak
 16675 | Lair:4   | Noticed a death yak
 16676 | Lair:4   | - ah the old two-tile-tele
 16676 | Lair:4   | Noticed a death yak
 16689 | Lair:4   | - oh and some more death yaks
 16783 | Lair:4   | Found a staircase to the Snake Pit.
 17033 | Lair:4   | Reached skill level 1 in Armour
 17086 | Lair:4   | Found the +7 pair of quick blades "Gyre" and "Gimble"
                  | {protect}
 17087 | Lair:4   | - man the short blades
 17095 | Lair:4   | Received a gift from Nemelex Xobeh
 17186 | Lair:4   | Noticed a seven-headed hydra
 17198 | Lair:4   | Killed a seven-headed hydra
 17198 | Lair:4   | Killed a death yak
 17198 | Lair:4   | Killed a death yak
 17198 | Lair:4   | Killed a death yak
 17198 | Lair:4   | Killed a death yak
 17198 | Lair:4   | Killed a death yak
 17198 | Lair:4   | Noticed a death yak
 17199 | Lair:4   | Reached skill level 10 in Fighting
 17199 | Lair:4   | Gained mutation: When seriously injured, your bleeding
                  | wounds create thick armour. (AC +12) [demonic ancestry]
 17199 | Lair:4   | Reached XP level 13. HP: 104/104 MP: 9/22
 17203 | Lair:4   | Noticed a minotaur
 17203 | Lair:4   | a death yak changed into a minotaur
 17206 | Lair:4   | Killed a minotaur
 17423 | Lair:4   | Killed a bunyip
 17452 | Lair:4   | Learned a level 3 spell: Tukima's Dance
 17812 | Lair:5   | Received a gift from Nemelex Xobeh
 17933 | Lair:5   | Reached skill level 5 in Armour
 18130 | Lair:5   | Noticed Snorg
 18159 | Lair:5   | Killed Snorg
 18226 | Lair:5   | Reached skill level 1 in Long Blades
 18408 | Lair:5   | Received a gift from Nemelex Xobeh
 18741 | Lair:5   | Reached ***** piety under Nemelex Xobeh
 18859 | Lair:6   | Entered Level 6 of the Lair of Beasts
 18968 | Lair:6   | Received a gift from Nemelex Xobeh
 19046 | Lair:6   | Noticed a bunyip
 19046 | Lair:6   | a six-headed hydra changed into a bunyip
 19058 | Lair:6   | Killed a bunyip
 19059 | Lair:6   | Reached skill level 5 in Dodging
 19097 | Lair:6   | Gained mutation: Spells you cast may paralyse nearby
                  | enemies. [demonic ancestry]
 19097 | Lair:6   | Reached XP level 14. HP: 115/115 MP: 23/23
 19426 | Lair:6   | Found a staircase to the Slime Pits.
 19865 | Lair:6   | Found a large runed translucent door.
 20278 | Lair:6   | Found a large runed translucent door.
 20669 | D:3      | Bought an amulet of reflection for 360 gold pieces
 20824 | Orc:1    | Entered Level 1 of the Orcish Mines
 20847 | Orc:1    | Noticed an orc warlord
 20910 | Orc:1    | Killed an orc warlord
 21041 | Orc:2    | Entered Level 2 of the Orcish Mines
 21041 | Orc:2    | Found a staircase to the Elven Halls.
 21310 | Orc:2    | Received a gift from Nemelex Xobeh
 21442 | Orc:1    | Identified the -1 long sword "Lefir" {venom, rC+}
 21446 | Orc:1    | Reached skill level 10 in Hexes
 21903 | Orc:2    | Noticed Saint Roka
 21915 | Orc:2    | Reached skill level 5 in Long Blades
 21926 | Orc:2    | Noticed Urug
 22360 | Orc:2    | Killed Urug
 22441 | Orc:2    | Found Mimetod's General Store.
 22471 | Orc:2    | Found Vunt's Antique Weapon Shoppe.
 22524 | Orc:2    | Found Fass's Book Shoppe.
 22554 | Orc:2    | Found Lokhluujo's Antique Armour Shoppe.
 22753 | Orc:2    | Killed Saint Roka
 22902 | Orc:2    | Found Goeczoogu's Weapon Emporium.
 22970 | Orc:2    | Bought a scroll of magic mapping for 49 gold pieces
 22970 | Orc:2    | Bought a scroll of enchant weapon for 105 gold pieces
 22970 | Orc:2    | Bought 2 potions of curing for 84 gold pieces
 23265 | D:10     | Banished Gastronok
 23266 | D:10     | - crap!
 23518 | D:11     | Received a gift from Nemelex Xobeh
 23870 | D:11     | Found Ilaecs's Armour Shoppe.
 24217 | D:11     | Identified the amulet "Xeubeor" {Acrobat rN+ rCorr}
 24488 | D:12     | Received a gift from Nemelex Xobeh
 24833 | D:12     | Gained mutation: You are powered by pain. [demonic
                  | ancestry]
 24833 | D:12     | Reached XP level 15. HP: 120/120 MP: 25/25
 25319 | D:13     | Noticed Maurice
 25327 | D:13     | Killed Maurice
 25496 | D:13     | Gained mutation: When seriously injured, your bleeding
                  | wounds create very thick armour. (AC +12) [demonic
                  | ancestry]
 25496 | D:13     | Reached XP level 16. HP: 127/127 MP: 13/26
 25615 | D:13     | Received a gift from Nemelex Xobeh
 25988 | D:13     | Found Sopsea's Assorted Antiques.
 26004 | D:13     | Bought a wand of mindburst (13) for 88 gold pieces
 26234 | D:13     | Reached ****** piety under Nemelex Xobeh
 26724 | D:14     | Received a gift from Nemelex Xobeh
 26935 | D:14     | Reached skill level 15 in Invocations
 27417 | D:14     | Reached skill level 1 in Translocations
 27586 | D:14     | Identified the +5 long sword of the Unseen Realm {holy, rC+
                  | Int+3}
 27627 | D:14     | Received a gift from Nemelex Xobeh
 27684 | D:14     | Found a gate to the Vaults.
 27933 | D:10     | Bought the ring of Litzil {Ice Fly rElec rPois Str-5} for
                  | 417 gold pieces
 28196 | Snake:1  | Entered Level 1 of the Snake Pit
 28196 | Snake:1  | Noticed Agnes
 28216 | Lair:4   | Killed Agnes
 28217 | Lair:4   | Reached skill level 1 in Shields
 28292 | Swamp:1  | Entered Level 1 of the Swamp
 28920 | Swamp:1  | Reached skill level 5 in Translocations
 29425 | Swamp:2  | Noticed Nikola
 29441 | Swamp:2  | Killed Nikola
 29714 | Orc:2    | Bought a wand of flame (25) for 189 gold pieces
 29875 | Lair:2   | Paralysed by a great orb of eyes for 2 turns
 30044 | Swamp:2  | Reached skill level 1 in Evocations
 30193 | Swamp:2  | Received a gift from Nemelex Xobeh
 30473 | Swamp:3  | Identified a scroll of acquirement
 30557 | Swamp:3  | Reached skill level 5 in Evocations
 30955 | Swamp:3  | Received a gift from Nemelex Xobeh
 31149 | Swamp:4  | Entered Level 4 of the Swamp
 31149 | Swamp:4  | Noticed a thorn hunter
 31204 | Swamp:4  | Gained mutation: Spells you cast and wands you use may
                  | paralyse nearby enemies. [demonic ancestry]
 31204 | Swamp:4  | Reached XP level 17. HP: 115/135 MP: 28/28
 31801 | Swamp:4  | Received a gift from Nemelex Xobeh
 32430 | Swamp:4  | Learned a level 1 spell: Apportation
 32465 | Swamp:4  | Got a decaying rune of Zot
 33460 | Snake:1  | Found Vieph's Assorted Antiques.
 33508 | Snake:1  | Found Mafuhet's Antique Weapon Boutique.
 33511 | Snake:1  | Found Lyrat's Armour Shop.
 33516 | Snake:1  | Bought 2 scrolls labelled JERIV TIOVAG for 62 gold pieces
 33539 | Snake:1  | Received a gift from Nemelex Xobeh
 33797 | Snake:1  | Found an opulent altar of Gozag.
 33963 | Snake:1  | Received a gift from Nemelex Xobeh
 34235 | Snake:2  | Noticed Jorgrun
 34539 | Snake:2  | Noticed Frances
 35131 | Snake:2  | Reached skill level 15 in Fighting
 35196 | Snake:2  | Killed Jorgrun
 35634 | Snake:3  | Received a gift from Nemelex Xobeh
 35776 | Snake:3  | Found a flickering gateway to a bazaar.
 35801 | Bazaar   | Entered a bazaar
 35802 | Bazaar   | Found Gyfraol's Distillery.
 35802 | Bazaar   | Found Eckexkar's Armour Emporium.
 35803 | Bazaar   | Found Mesofyic's Antique Armour Boutique.
 35813 | Bazaar   | Found Ceufon's Jewellery Shop.
 35862 | Bazaar   | - why am i carrying this stuff
 35862 | Bazaar   | Acquired 1186 gold pieces
 35875 | Bazaar   | Bought a +0 helmet of intelligence for 115 gold pieces
 35886 | Bazaar   | Bought the ring of Pawepneu {rPois Str+3 Slay+5} for 488
                  | gold pieces
 35897 | Bazaar   | Bought a potion of curing for 24 gold pieces
 35897 | Bazaar   | Bought a potion of resistance for 80 gold pieces
 35897 | Bazaar   | Bought a potion of might for 32 gold pieces
 35897 | Bazaar   | Bought a potion of resistance for 80 gold pieces
 35924 | Bazaar   | Bought an amulet of regeneration for 270 gold pieces
 35937 | Bazaar   | Bought a scarf of repulsion for 120 gold pieces
 35949 | Bazaar   | Bought a +4 ring of protection for 324 gold pieces
 37040 | Snake:3  | Acquired 571 gold pieces
 37390 | Snake:3  | Found Boddif's Weapon Emporium.
 37392 | Snake:3  | Found Imapsuwku's Antique Armour Shoppe.
 37508 | Snake:3  | Received a gift from Nemelex Xobeh
 37599 | Snake:4  | Entered Level 4 of the Snake Pit
 37599 | Snake:4  | Noticed Vashnia
 37740 | Snake:4  | Gained mutation: You are robust. (+10% HP) [demonic
                  | ancestry]
 37740 | Snake:4  | Reached XP level 18. HP: 141/163 MP: 25/29
 37882 | Snake:4  | Received a gift from Nemelex Xobeh
 38126 | Snake:4  | Found a runed translucent gate.
 38127 | Snake:4  | Found a runed translucent gate.
 38128 | Snake:4  | Found a runed translucent gate.
 38312 | Snake:4  | Noticed Dydoin's ghost (adept DsFi)
 38313 | Snake:4  | Noticed Sokuv's ghost (adept DECj)
 38382 | Snake:4  | Killed Vashnia
 38778 | Snake:4  | Gained mutation: [You are clumsy. (Dex -2)] [a neqoxec]
 39124 | Snake:4  | Got a serpentine rune of Zot
 39418 | Snake:3  | Bought a glowing cloak for 240 gold pieces
 39509 | Snake:1  | Bought a bloodstained scale mail for 279 gold pieces
 39509 | Snake:1  | Identified the +1 scale mail of Ru's Condemnation {Will+}
                  | (You bought it in a shop on level 1 of the Snake Pit)
 39675 | Lair:1   | Killed Maggie
 40261 | D:15     | Entered Level 15 of the Dungeon
 40366 | D:15     | Reached skill level 10 in Unarmed Combat
 40638 | D:15     | Noticed Louise
 40701 | Vaults:1 | Entered Level 1 of the Vaults
 40743 | Vaults:1 | Noticed Donald
 40774 | Vaults:1 | Received a gift from Nemelex Xobeh
 41128 | Vaults:1 | Found a transporter.
 41202 | Vaults:1 | Found a transporter.
 41814 | Vaults:1 | Received a gift from Nemelex Xobeh
 41975 | Vaults:1 | Cast into level 2 of the Abyss (a wizard)
 41976 | Abyss:2  | - well crap
 42067 | Abyss:2  | Found a hide-covered altar of Uskayaw.
 42071 | Abyss:2  | Received a gift from Nemelex Xobeh
 42601 | Abyss:2  | Found a corrupted altar of Lugonu.
 42665 | Vaults:1 | Escaped the Abyss
 42673 | Vaults:1 | Reached XP level 19. HP: 166/170 MP: 18/31
 43099 | Vaults:2 | Received a gift from Nemelex Xobeh
 43216 | Vaults:2 | Found a flickering gateway to a bazaar.
 43232 | Bazaar   | Entered a bazaar
 43237 | Bazaar   | Found Onisi's Book Shop.
 43251 | Bazaar   | Found Odoes's Antique Armour Shop.
 43310 | Bazaar   | Bought a runed buckler for 255 gold pieces
 43310 | Bazaar   | Bought a shiny helmet for 255 gold pieces
 43310 | Bazaar   | Bought a runed cloak for 255 gold pieces
 43687 | Vaults:2 | - too many wizards
 43995 | Vaults:2 | Received a gift from Nemelex Xobeh
 44110 | Vaults:2 | Reached skill level 1 in Throwing
 44640 | Vaults:2 | Noticed a golden dragon
 44643 | Vaults:2 | Received a gift from Nemelex Xobeh
 45266 | Vaults:3 | - again?
 45374 | Vaults:3 | Found a flickering gateway to a bazaar.
 45391 | Bazaar   | Entered a bazaar
 45405 | Bazaar   | Found Hecsid Esu's Armour Shoppe.
 45405 | Bazaar   | Found Mozerchuewk's Distillery.
 45418 | Bazaar   | Found Noar's Antique Weapon Shoppe.
 45431 | Bazaar   | Found Xarphubi's Book Shoppe.
 45497 | Bazaar   | Bought a potion of might for 52 gold pieces
 45497 | Bazaar   | Bought 2 potions of ambrosia for 208 gold pieces
 45497 | Bazaar   | Bought a potion of curing for 39 gold pieces
 45497 | Bazaar   | Bought a potion of heal wounds for 65 gold pieces
 45497 | Bazaar   | Bought a potion of heal wounds for 65 gold pieces
 45558 | Vaults:3 | Received a gift from Nemelex Xobeh
 45702 | Vaults:3 | Found a staircase to the Crypt.
 45955 | Vaults:3 | Received a gift from Nemelex Xobeh
 46133 | Vaults:3 | Noticed Mennas
 46134 | Vaults:3 | Identified the +1 long sword "Teirorphyith" {vorpal, Dex+2}
 46143 | Vaults:3 | - didnt think about that didja
 46148 | Vaults:3 | Killed Mennas
 46418 | Vaults:3 | Reached skill level 5 in Throwing
 46994 | Vaults:4 | Received a gift from Nemelex Xobeh
 47082 | Vaults:4 | Noticed a juggernaut
 47082 | Vaults:4 | a titan changed into a juggernaut
 47125 | Vaults:4 | Killed a juggernaut
 47308 | Vaults:4 | Reached XP level 20. HP: 178/178 MP: 33/33
 48581 | Vaults:4 | Received a gift from Nemelex Xobeh
 49155 | D:15     | Cast into level 2 of the Abyss (Louise)
 49255 | D:15     | Escaped the Abyss
 49257 | D:15     | Killed Louise
 49367 | D:15     | Reached skill level 15 in Unarmed Combat
 49393 | D:15     | Found a staircase to the Depths.
 49462 | D:15     | Received a gift from Nemelex Xobeh
 49864 | Depths:1 | Entered Level 1 of the Depths
 49881 | Depths:1 | Found Gatseg's Book Shop.
 49882 | Depths:1 | Found Jofioph's Jewellery Shoppe.
 49883 | Depths:1 | Found Wycuenn's Book Shop.
 49964 | Depths:1 | Reached skill level 5 in Shields
 50589 | Depths:1 | Found a transporter.
 50589 | Depths:1 | Noticed AverageBear's ghost (adept DDFi)
 50606 | Depths:1 | Found a transporter.
 50893 | Depths:1 | Found a gateway to Hell.
 51172 | Depths:2 | Found Dan Eloj's Jewellery Emporium.
 51245 | Depths:2 | Found Tejiez's Antique Armour Shop.
 51298 | Depths:2 | Noticed a golden dragon
 51416 | Depths:2 | Received a gift from Nemelex Xobeh
 51431 | Depths:2 | Found Amnyraga's Book Shop.
 51560 | Depths:2 | Noticed a juggernaut
 51575 | Depths:2 | Found Xilonef's Magic Scroll Emporium.
 51595 | Depths:2 | Killed a juggernaut
 51605 | Depths:2 | Bought a scroll of enchant armour for 112 gold pieces
 51634 | Depths:2 | Reached XP level 21. HP: 174/184 MP: 22/34
 51691 | Depths:2 | Killed a golden dragon
 51736 | Depths:2 | Noticed a golden dragon
 51762 | Depths:2 | Killed a golden dragon
 52048 | Depths:2 | Noticed a juggernaut
 52063 | Depths:2 | Killed a juggernaut
 52304 | Depths:2 | Identified the +2 trident "Plog" {venom, rN+}
 52333 | Depths:2 | Found Ulyt's Antique Armour Shop.
 52448 | Depths:2 | Received a gift from Nemelex Xobeh
 52502 | Depths:2 | Found a runed translucent door.
 52503 | Depths:2 | Noticed ravioli's ghost (veteran DjFE)
 52752 | Depths:2 | Bought a pair of embroidered boots for 202 gold pieces
 52978 | Depths:3 | Found a one-way gate leading to the halls of Pandemonium.
 53156 | Depths:3 | Identified the +0 helmet of Fanaticism {rElec rC+}
 53959 | Depths:3 | Noticed a juggernaut
 54006 | Depths:3 | Killed a juggernaut
 54007 | Depths:3 | Reached skill level 10 in Armour
 54322 | Depths:3 | Reached skill level 10 in Evocations
 54393 | Depths:3 | Reached XP level 22. HP: 195/195 MP: 33/35
 54509 | Depths:3 | - I got a single bee?
 54510 | Depths:3 | - but my demon trident of speed is back
 54771 | Depths:3 | Noticed a juggernaut
 54789 | Depths:3 | Noticed a caustic shrike
 54789 | Depths:3 | a juggernaut changed into a caustic shrike
 54799 | Depths:3 | Killed a caustic shrike
 54855 | Depths:3 | Received a gift from Nemelex Xobeh
 54862 | Depths:3 | Identified the +6 mace of Lyel {vorpal, Str+2}
 55449 | Depths:4 | Noticed a golden dragon
 55474 | Depths:4 | Killed a golden dragon
 55601 | Depths:4 | Found a shimmering altar of Xom.
 55655 | Depths:4 | Found a gateway to a ziggurat.
 56509 | Depths:4 | Found a portal to a secret trove of treasure.
 56570 | Depths:4 | Received a gift from Nemelex Xobeh
 56924 | Depths:4 | Found a one-way gate to the infinite horrors of the Abyss.
 57747 | Depths:5 | Entered Level 5 of the Depths
 58081 | Depths:5 | Received a gift from Nemelex Xobeh
 58154 | Depths:5 | Found a corrupted altar of Lugonu.
 58316 | Depths:5 | Gained mutation: You are very robust. (+20% HP) [demonic
                  | ancestry]
 58316 | Depths:5 | Reached XP level 23. HP: 170/220 MP: 28/36
 58428 | Depths:5 | Learned a level 4 spell: Passage of Golubria
 58434 | Depths:5 | Learned a level 5 spell: Manifold Assault
 58683 | Depths:5 | Reached skill level 10 in Translocations
 58887 | Depths:5 | Received a gift from Nemelex Xobeh
 59235 | Depths:5 | Found a gate to the Realm of Zot.
 59590 | Elf:1    | Entered Level 1 of the Elven Halls
 59639 | Elf:1    | Received a gift from Nemelex Xobeh
 59871 | Elf:1    | Received a gift from Nemelex Xobeh
 60690 | Elf:2    | Received a gift from Nemelex Xobeh
 60797 | Elf:2    | Found a runed translucent gate.
 60798 | Elf:2    | Found a runed translucent gate.
 60798 | Elf:2    | Found a runed translucent gate.
 60950 | Elf:3    | Entered Level 3 of the Elven Halls
 61064 | Elf:3    | Noticed Aizul
 61076 | Elf:3    | Killed Aizul
 61098 | Elf:3    | Found Wumpais's Antique Armour Emporium.
 61230 | Elf:3    | Received a gift from Nemelex Xobeh
 61288 | Elf:3    | Identified the +1 kite shield "Jioluine" {rPois rN+ Str+2
                  | Int-2 Dex+2}
 61288 | Elf:3    | Noticed Asterion
 61297 | Elf:3    | Noticed Asterion
 61297 | Elf:3    | Asterion changed into Asterion the dire elephant
 61307 | Elf:3    | Killed Asterion the dire elephant
 61671 | Elf:3    | Identified the +0 robe of Resonance {+Blink}
 61704 | Elf:3    | Identified the +11 hunting sling of Cheese {speed, Dex+3}
 61738 | Elf:3    | Identified the +3 demon trident "Qorchal" {flame, rF+ Will-
                  | Str+3}
 62456 | Elf:3    | Identified the +7 hand axe "Ecuty" {vorpal, rElec}
 62461 | Elf:3    | Identified the +7 hunting sling of the Elven Halls {flame,
                  | rF+ rN+ Str+4}
 62491 | Elf:3    | Identified the +2 helmet "Pievityal" {Dex+2 Stlth+}
 62559 | Elf:3    | Acquired 528 gold pieces
 62901 | Depths:2 | Bought a scroll of teleportation for 45 gold pieces
 62901 | Depths:2 | Bought a scroll of teleportation for 45 gold pieces
 62901 | Depths:2 | Bought a scroll of summoning for 142 gold pieces
 63517 | Slime:1  | Entered Level 1 of the Pits of Slime
 63542 | Slime:1  | Gained mutation: [You are dopey. (Int -2)] [a shining eye]
 63544 | Slime:1  | - crap
 63544 | Slime:1  | Gained mutation: [Your body sometimes deteriorates upon
                  | taking damage.] [a shining eye]
 63550 | Slime:1  | Gained mutation: [Your magical capacity is low. (-10% MP)]
                  | [a shining eye]
 63576 | Slime:1  | - perhaps this is not a good idea
 63713 | Slime:2  | Gained mutation: You are extremely robust. (+30% HP)
                  | [demonic ancestry]
 63713 | Slime:2  | Reached XP level 24. HP: 165/248 MP: 14/32
 63903 | Slime:1  | Received a gift from Nemelex Xobeh
 64736 | Slime:3  | Reached skill level 10 in Throwing
 65158 | Slime:2  | Gained mutation: You sometimes lose the ability to read
                  | scrolls when taking damage. [a shining eye]
 65706 | Slime:3  | Received a gift from Nemelex Xobeh
 66100 | Slime:4  | Gained mutation: [You tend to lose your temper in combat.]
                  | [a shining eye]
 66108 | Slime:4  | Reached skill level 10 in Dodging
 66436 | Slime:4  | Found a viscous altar of Jiyva.
 66485 | Slime:5  | Entered Level 5 of the Pits of Slime
 66784 | Slime:5  | Found a viscous altar of Jiyva.
 66863 | Slime:5  | Received a gift from Nemelex Xobeh
 67268 | Slime:5  | Paralysed by a floating eye for 3 turns
 67365 | Slime:5  | Noticed the Royal Jelly
 67406 | Slime:5  | Killed the Royal Jelly
 67421 | Slime:5  | - bad flippin news
 67655 | Slime:5  | Received a gift from Nemelex Xobeh
 68423 | Slime:5  | Identified the ring "Suth" {rF- rCorr Int+6 Dex+2}
 68443 | Slime:5  | Identified the ring of Gasm {rF+ Will+ rCorr Dex+2}
 68502 | Slime:5  | Got the Papyrus of the Supportive Oath
 68522 | Slime:5  | Got the Almanac of Air
 68546 | Slime:5  | Identified the +0 cloak "Junkyabe" {Drain rElec Dex+9}
 68559 | Slime:5  | Got a slimy rune of Zot
 68942 | Slime:5  | Identified the +4 hand crossbow "Fotitz" {speed, rElec
                  | Str+2}
 68944 | Slime:5  | Identified the +3 great sword of Corruption {spect, rElec
                  | rF+ rC+ Stlth+}
 69691 | Vaults:3 | Lost mutation: [You tend to lose your temper in combat.]
                  | [potion of mutation]
 69691 | Vaults:3 | Lost mutation: You sometimes lose the ability to read
                  | scrolls when taking damage. [potion of mutation]
 69691 | Vaults:3 | Lost mutation: [You are clumsy. (Dex -2)] [potion of
                  | mutation]
 69825 | Vaults:4 | Paralysed by a sphinx for 4 turns
 70148 | Depths:2 | Bought a runed kite shield for 202 gold pieces
 70148 | Depths:2 | Bought a fine chain mail for 256 gold pieces
 70148 | Depths:2 | Identified the +1 chain mail of Elyvilon's Reproof {Fly
                  | rElec Int+2 Stlth+} (You bought it in a shop on level 2 of
                  | the Depths)
 70573 | Snake:1  | Bought a scroll of fog for 62 gold pieces
 71082 | Vaults:5 | Entered Level 5 of the Vaults
 71129 | Vaults:5 | Reached XP level 25. HP: 84/265 MP: 24/32
 71875 | Vaults:5 | Reached skill level 10 in Shields
 72137 | Vaults:5 | Got a silver rune of Zot
 72304 | Vaults:5 | Identified the +1 leather armour of Defence {rF- rN+ Int+2}
 72306 | Vaults:5 | Identified the +0 robe of Duty {Str+2 Dex+2}
 72864 | Vaults:5 | Identified the +10 flail "Nadarodd" {holy, rPois Int+2}
 72880 | Vaults:5 | Received a gift from Nemelex Xobeh
 72884 | Vaults:5 | Found Reridd's Antique Armour Boutique.
 72904 | Vaults:5 | Identified the +9 glaive of the Forest {antimagic, Str+6}
 72937 | Vaults:5 | Got the Papyrus of the Evil Birds
 73086 | Vaults:5 | Identified the +8 scimitar "Nem Xoir" {flame, rN+}
 73340 | Vaults:1 | Killed Donald
 74043 | Snake:2  | Killed Frances
 74493 | Depths:2 | Bought the ring of Paranoia {+Blink rPois rF+ Str+6 SInv}
                  | for 1494 gold pieces
 74581 | Depths:4 | Voluntarily entered the Abyss.
 74728 | Abyss:1  | Found a corrupted altar of Lugonu.
 74734 | Abyss:1  | Received a gift from Nemelex Xobeh
 75512 | Abyss:3  | Found a corrupted altar of Lugonu.
 76439 | Abyss:3  | Reached XP level 26. HP: 186/274 MP: 28/33
 76489 | Abyss:3  | Found a burning altar of Makhleb.
 76492 | Abyss:3  | Identified the +5 dire flail "Sung" {antimagic, Dex+4}
 76849 | Abyss:3  | Received a gift from Nemelex Xobeh
 77070 | Abyss:3  | Noticed an ancient lich
 77084 | Abyss:3  | Killed an ancient lich
 77231 | Abyss:3  | HP: 11/274 [quicksilver dragon simulacrum (46)]
 77297 | Abyss:3  | Received a gift from Nemelex Xobeh
 77508 | Abyss:3  | Reached skill level 15 in Shields
 77508 | Abyss:3  | - I forgot how much this sucks
 77852 | Abyss:4  | - could just go win...
 77878 | Abyss:4  | Received a gift from Nemelex Xobeh
 78469 | Abyss:4  | Received a gift from Nemelex Xobeh
 78840 | Abyss:4  | - why yes it IS driving me insane
 79080 | Abyss:4  | Gained mutation: [Your spells are a little easier to cast,
                  | but a little less powerful.] [a shining eye]
 79141 | Abyss:4  | Gained mutation: You sometimes lose the ability to read
                  | scrolls when taking damage. [a shining eye]
 79152 | Abyss:4  | Gained mutation: [Your spells are easier to cast, but less
                  | powerful.] [a cacodemon]
 79160 | Abyss:5  | Entered Level 5 of the Abyss
 79314 | Abyss:5  | HP: 3/279 [hell hog/fireball (18)]
 79315 | Abyss:5  | - well shit
 79319 | Abyss:5  | HP: 12/279 [hell hog/fireball (2)]
 79323 | Abyss:5  | - oh finally... as i'm about to die
 79323 | Abyss:5  | HP: 5/279 [starcursed mass/accursed screaming (7)]
 79328 | Abyss:5  | - so none of those work here
 79328 | Abyss:5  | - great
 79337 | Abyss:5  | Got an abyssal rune of Zot
 79346 | Abyss:5  | - still lookin hosed
 79348 | Abyss:5  | Received a gift from Nemelex Xobeh
 79353 | Abyss:5  | Killed from afar by a meliai

Illustrated notes ....# .....# ....# #.. ....## .... ..### .... #....#####.... ..### #..## ##............## ...<###...### ##.......#......#.. .##>..#.....###........#........# ###..........#..................# ##.....####.....5................ ##..#...#........................ ....##...........5.c<............ .....#.######...@##.Z............ .......# ##########........... .....#..# #...$....... ....##..# #.>......... ..###....# #........... .###..#... #........... .§§..§.... ......c..... ≈≈§≈§§..... ##...##...... .§§≈§§§....# #....#..#... ....§§§....## ... .§≈≈≈≈≈.....## ...# Turn 5977 on D:6: - great #...................# #...###.###########.# #.......# #.# # #...##### #.# ## #...# #.# .###...######### #.# ...............# #.# .###.......###.# #.# ## #.#.###.###.## #.# # #.#.###.##...######.# #.#..........@......# #...######...######.# ##...## ##.## #.# ##.###.## #.#######.# ##.## ##.## ##.......#.# #.## ##.###.#.####.#.# #.# #....###.# #.#.# #.## ##.###.#..# #.#.# ##.## ##.#####.#.# #.#.# ....###........#.###.#.# .......#########.[.....# Turn 5994 on D:5: - damn centaurs ##..#...<###########........... ...............^.........c..... ≈§§≈.....###########...##...... ≈≈≈≈≈....# #....#..#... .._≈≈....## .... ≈§§≈§.....## ....# ≈§≈≈§......### ####..... ....§........####........ ..............##......#. ...........#...#......... #.........##<..$@..c.(..# ##........###.......#.... .........## ##.....## #.. .....#.##### #.###.# . ....###....###.# ... ..#.###.....#... .... ...###(......... ..... #.###....#...###. .... ...#.....#..## . #...........# #............# Turn 6352 on D:6: - aaagh it hurts ##..#...<###########........... ...............^.........c..... ≈§§≈.....###########...##...... ≈≈≈≈≈....# #....#..#... .._≈≈....## .... ≈§§≈§.....## ....# ≈§≈≈§......### ####..... ....§........####........ ..............##......#. ...........#...#......... #.........##<..$@..c.(..# ##........###.......#.... .........## ##.....## #.. .....#.##### #.###.# . ....###....###.# ... ..#.###.....#... .... ...###(......... ..... #.###....#...###. .... ...#.....#..## . #...........# #............# Turn 6353 on D:6: - oh right rpoi ##..#...<###########........... ...............^.........c..... ≈§§≈.....###########...##...... ≈≈≈≈≈....# #....#..#... .._≈≈....## .... ≈§§≈§.....## ....# ≈§≈≈§......### ####..... ....§........####........ ..............##......#. ...........#...#......... #.........##<..$@c...(..# ##........###.......#.... .........## ##.....## #.. .....#.##### #.###.# . ....###....###.# ... ..#.###.....#... .... ...###(......... ..... #.###....#...###. .... ...#.....#..## . #...........# #............# Turn 6358 on D:6: - oh and the +7 dagger, of course ##..#...<###########........... ...............^.........c..... ≈§§≈.....###########...##...... ≈≈≈≈≈....# #....#..#... .._≈≈....## .... ≈§§≈§.....## ....# ≈§≈≈§......### ####..... ....§........####........ ..............##..§...#. ...........#...#......... #.........##<..$♣)..5(..# ##........###.......#.... .........## ##.....## #.. .....#.##### #.###.# . ....###....###.# ... ..#.###.....#... .... ...###(......... ..... #.###....#...###. .... ...#.....#..## . #...........# #............# Turn 6363 on D:6: - nuts . ..... .P ≈≈ ≈≈≈. .. #;.≈ #≈. .. .≈# #≈.≈ #≈. .. .P..# .≈###≈.≈###≈. P. .P.. .;≈≈≈≈.≈≈≈≈≈. .. ...# ............. .♣ ..# ...###.#...## .. h.# ##.#.....##.### .. #.# ####..........<... .. #.# #@§...###..###.##. .P #.# #S##.## ...... #.####h##.# ###.##. #..†).l...# #.... ######.#### #..## #.# #.Y #.# #..# #.# ######### #.# ..## .....†..# #.# ..... #######.# #.# #.##. Turn 9345 on D:8: - who the hell is shooting at me #R......## #.......#.#.# # #...##### #.#.....#.#.# #.### #.##....#.#.# #.# #.##....#.#.# #)# #.####.##...# #○# #.# #...##### #R##########.###.#.## #.[..<...........#..# ## #####☼#...)......##O## ##. #.#.R.§......##..# #.. #.#.55.@.#######.# ### #.#......# #.# # #.#......# #.# # #.#......#######.####### #.#............#.#...... #.#............#.#...... #....<........S#.#...... #........#######.####### #..####### #.# # #####........# #.# # #.......####### ##.#### ## Turn 12655 on D:10: - ouch #......#..## ##.......§ #.....#.#..####......§§§ ##....####...#.......§§§ #...#.# ###..#.......≈§§ #.##.## #.††.........;;;§≈... #########P..##.......§;≈§§..# #####.#..P##.......§§..... ##..###...###.........§...#### ##.#.#....P##........#.##...#.# #P...>....######..#####......# #............# #@...##.......## #...........## ##..###........# #............## ##.##........## ##............# #...........## #............P# ##...........# .#...........## #..........## .##...........# ######..†...## ###.........### #†...#...††.# ##........# #†...#.†††.## #..#...#.# #......##### #####.#.## #.†..### Turn 14169 on Lair:2: - that is too many eels #### #######.###..### #.. #..###..#....# #.## #. #....x....†..# ..# ....... #...##.#.###.###.# #...... ##.####### ### ..# ####.#. ##Y.# ##.# #### #.x.# ###..## # ##.## #.#...## # #.k#### ##.....### # ......# #........# #P>##.# ###.Y.@P##... ##k##.## ##.xF...## . #..Y...###Y...PY#.# #.#k.......5.P.#..# #......#####†Y..### ..#.....# #..P.# #..#.#.[# #).### ....###... .Y.# #... ...P#... ..#. .#.##Y... #... .... Turn 16676 on Lair:4: - ah the old two-tile-tele #.............. #.....#.# ##.5#†....#.## #....FY.##. #..x.#....### #..F....... ##.###..### #..Y.F.# ...# #.## #YY.F.# †..# ..# ......F.....:.. ##.###.# #.............. ### ..# ###..#....##... ##.# #.####...# [. ###..## ##.# #..## . #.#...## ##@# #... . ##...Y.######.## ##..P # #..Y.Yx..#..Y#.#P... .. ###..Y.P##...F....k... ... #......#####.P######## #.. ....P.#.# #### #.. ..5P.#..# #.. ##†Y..### ##.. #F.P.# ####... #).### ##...... Y..# #....... Turn 16689 on Lair:4: - oh and some more death yaks #......#.. #.....#### #....## # ). #...## # ###.### #..## ## ♣♣.....♣♣ #..## #. ♣♣♣.......♣♣♣ #...###### ......≈..... #..###.### ♣.......♣ #.##..##.# ♣.....♣ #.÷....... #####..@#######÷.###.... ................## ##.#P ....>......###.## #### #.#.######## ### . # Turn 17087 on Lair:4: - man the short blades #...≈.≈.......# # ####....≈...#.#### #.....# #.....# #########....(# ##......##....)# #####+ #..#..#........####≈≈≈≈### #..#####.....>§§..#...≈#.# #### #..##).##....§.####...≈#.###... #......##......# #...≈#..##### #..##.....#...@# ##...≈##.## # #..#..♣..##..°.###'######..# # #......._.#5...#...###.###.#### #..##.♣..#.....#.#............. #..#....###..###.#####.####.##. #..#...###..## #.#....))....... #...#.###..#####.#####.#####... #..##..#..##...#.....#)# #... #..#.##..###.#######.#.# #... #.......## #.......#.#.# ##.. #...##### #.#.....#.#.# #.. Turn 23266 on D:10: - crap! ♣.P♣.P#.∩..##PP##..∩.#PP♣ ..P.♣P#.....####.....#.♣.P PP.P..##............##PP.. ♣.P..PP##..........##PP... ♣...PP.♣##..###...##PP.♣♣♣ .PP.PPP♣♣#..#∩#...#♣...P.P .PPPPP.PP#..##∩#..#.P.P.P. PP.P.♣♣P##....##..##♣.♣P♣. ..P..♣P##..........##P♣P♣. ...♣.♣##............##.... ♣P.P.P#..@..####.....#P.P. P.P.P.#.∩..##P.##..∩.#♣P.P PP.PPP#...##P..P##...#♣ .....P#####P.....#####♣ ♣.P.P.PP.PP.PP♣PPP..P.P. ....♣.P.P..PPP♣..♣.P♣P..PP P....PP.P...P♣.♣.♣.PP.P♣♣P ♣.P..PP.♣P......♣.♣P.P♣. PP..P.♣P.♣♣PP... .P..PPP♣ P..P♣PPP PP.P Turn 35862 on Bazaar: - why am i carrying this stuff . .. ... . .. ..# ####.## ###...# .......#...# #...@...# +...#...# #... .#.# #... $. # #... ... #... ...# #... ..#. .... ..... Turn 41976 on Abyss:2: - well crap ####### # # ######## # #......# # ####....#### *#############.###..###.+ *********............#..##..##..# ,,,,,,,,*...........)#...'..'...# ,,,,,,,,*.......>....'...#..#...# ,,,,,,,,*....p..p....#.####'##..# ,,,<,,,,+....p.p@p...#.#*#..###.' ,,,,,,,,*......p.c...####....*### ,,,,,,,,*############# #......* # ********* ######## # # # Turn 43687 on Vaults:2: - too many wizards ### ##p## ##JJ.## ##.....## #pu..J..# #.c..J..# #...@.p.+ #....pJ.# #ppJ.J.J# ##J....## ##...## ##.## ### Turn 45266 on Vaults:3: - again?

....#.....##### #### #...# #...
....#.....# #...# #...
.>..#.....# #...# #...
....#.....#############...######'
....#.....................##.....
....'.....................##.####
#####)....................##.#..#
#...........c.........##.##'#
#..........@..........##.#..#
#.........cRAc........##.'.)'
#..........(@.........#######
#......########.......#
#......#,,,,,,*,....,,* *****
#......#,,,,,,*,,...,,* *,,,,
#......#,,,,,,*,,,,,,,* *,,,,
#......#,,,,,,*,,,,,,,* *,,,,
#......#,,,,,,*,,,,,,,* *,,,,
#......#,,,,,,*,,,,,,,* *,,,,
#####......#,,,,,,*,,,,,,,* *,,,,
...........#****+**,,,,,,,*******
.............,,,,,,,,,,,,,,,,,,,,


Turn 46143 on Vaults:3: - didnt think about that didja .#....#....# p..#
.##''##..8.# ''## [##''##....###### #''## .#....#....#....# ....#
.#....#....#....# ....# .#....#....#....# ....# .#.#..#).[###...## ##p..##
.#.##.###[..#..''##########''..#. .##[⌠..#.[[.###''y...##(...''###.
..#.#..##....###..i⌠.'[)⌠...###.. '##.##..'.....##@.i†.C'.....##..≈
'.##.[.)'#.....''#...##...###.).§ ...#...[.##....††##########..)≈≈.
...##....###.....#........#.....# .^..##..''###...['..#.⌠#..''†..##
...≈.###''..###.#....##....#.###. #..≈§§###.....###..........###...
##.§⌠§.##.†..)..#''#########..... ##.§§≈§##...§.......##.......≈..
##∩..≈.##..≈§8≈....''....≈⌠≈≈.. ##..§≈.###...≈§...''.).≈≈...## Turn 54509 on
Depths:3: - I got a single bee? .#....#....# p..# .##''##..8.# ''##
[##''##....###### #''## .#....#....#....# ....# .#....#....#....# ....#
.#....#....#....# ....# .#.#..#).[###...## ##p..##
.#.##.###[..#..''##########''..#. .##[⌠..#.[[.###''y...##(...''###.
..#.#..##....###..i⌠.'[)⌠...###.. '##.##..'.....##@i.†C''.....##..≈
'.##.[.)'#.....''#...##...###.).§ ...#...[.##....(†##########..)≈≈.
...##....###.....#........#.....# .^..##..''###...['..#.⌠#..''†..##
...≈.###''..###.#....##....#.###. #..≈§§###.....###..........###...
##.§⌠§.##.†..)..#''#########..... ##.§§≈§##...§.......##.......≈..
##∩..≈.##..≈§8≈....''....≈⌠≈≈.. ##..§≈.###...≈§...''.).≈≈...## Turn 54510 on
Depths:3: - but my demon trident of speed is back ...... ...... . ....... .
.......#. # ...#....## .## ......G..##...# ......#......# .....#JG@...#..
.....G.J.§...... .....G.........# ......G.......## .............##
...>........## .......#.....# .......#....## ....... #.... Turn 63544 on
Slime:1: - crap ...... ...... ..## ....... ..#.## .......#. ...# ...#....###..##
.........##...## ......#......#.## .....#......#...# .......<........#
........@......## ..............## .............## ...>........## .......#.....#
.......#....## ........#.... ......####... Turn 63576 on Slime:1: - perhaps this
is not a good idea ...............# ...............# .............###
..............# ..............##### . ..................####..
...................#.... ....R..........<........ .G.....................#
##....((c............... ##.((...b§.....@....^.. ###..(.§○.............
#....§(§..C......... ##..........D....... #.....C.§JC........ #
#.......D.bs....... ## ###.....(............ ...#............§.......
J#...#.................. #######................. # ##................. Turn
67421 on Slime:5: - bad flippin news #. . #..##.. ## . .... ## .. ...# . .# #..#
#. ##.# ..... .#.. .#..###.## #.##... ....##.#. #..# ..#.. .. #..... #... .#...
#. ......###.##......#.# . #...#........## #. #.#..##.#...# .# #..###........
##@...# ..## # #.#.#[### #.# .# ... ## .## .# # Turn 77508 on Abyss:3: - I
forgot how much this sucks #.. .. .. . ##. #.. #... ...# ###.#.# ##.....
.......#...#.#. #.....@......# ....#..##.....# # #.#. ..... .. #. .... ## .. .#.
.# # .. .. Turn 77852 on Abyss:4: - could just go win... . # . # . # . ### X . .
# #. # # °##. # . # . . . # ° .. . ####. °## # 4 # . ..#..### °##.#..# . # .. ..
.°∩. . . . #....####### .. # #...#.@.###.# #...##..#.#§.# #.#. #.#.#. .
##$...#.∩## . #..#.#.. #...# . #.#..#..#....#h.. ##.##..#..#..h. ..
...#..##.#.....# ##..##.#..# .### ##. ...# .# . ##.. .. Turn 78840 on Abyss:4: -
why yes it IS driving me insane # #####X... . . #...2# # ...# .##...#.. $#. #
##..! .# ..!......##. # . #S..#x..# .# #h ##.#.u..# . ...#.....### ## #.......#
.#.#†# #*@# #.u.## ##.# #.# #.# ## Turn 79315 on Abyss:5: - well shit $#. #
##..! ..!......# .. #...#...# .# #.###.###S#x...# .. ...#......## # .. #.h.....#
##h###.#.#x# ..h#...#*.# #h. #.(u## ##h###.## #..@#u## †...*.##.## :†#yy ### #φ#
# Turn 79323 on Abyss:5: - oh finally... as i'm about to die ..!......# ..
#...#...# .# #.###.###S x .. .. ...#... .X## # .. #.h.....# ##†# #.#. †#
.h.#...#..# #hh #.(x## #y###u## #§Sh#u## †...*. #@## † yy ### #φ# Turn 79328 on
Abyss:5: - so none of those work here .. .#.. .X # .. #.h.... # ##†# .# †#
.h.#...#v. h ○#.x... v###.2. #. y#*X# †....v.#*v# † S. #.# ###*####..#
#@§v§.§u.## ######. ## #.# L#. .# . .. .. .# # .. Turn 79346 on Abyss:5: - still
lookin hosed

Levels and vault maps discovered:
D:1:      sevenhm_arrival_forest_fort_small_5, layout_basic,
          minmay_split_cup_large
D:2:      layout_loops_ring, dreamdust_ecumenical_altar_statues
D:3:      layout_rooms, serial_shops, nicolae_square_shop, uniq_terence
D:4:      layout_rooms, grunt_dithmenos_smoke, grunt_gozag_breadcrumbs
D:5:      layout_loops_ring, gammafunk_temple_overflow_elements,
          kennysheep_nondescript, kennysheep_generic_room_2
D:6:      layout_cave_pools, worldfamousw_hep_ancestral_shrine,
          grunt_qazlal_clouds, mainiacjoe_overflow_catwalk, dk_rats_in_the_wall
D:7:      kennysheep_six_static_rooms, layout_rooms, okawaru_ov_weapons_minmay,
          lemuel_zombie_altar_yredelemnul, temple_green, serial_glass,
          glass_columns_a, glass_columns_c, uniq_duvessa
D:8:      layout_loops_ring, overflow_temple_1_default, minmay_lair_entry_grove,
          st_stairs_5, kennysheep_boxes, uniq_erica
D:9:      layout_irregular_city, minmay_microvault
D:10:     layout_basic, david_orc_2, serial_shops, nicolae_diamond_shop,
          serial_co_window_serial, co_window_paths_b, co_window_corner_a,
          co_window_of_opportunity_a, co_window_paths_a, co_window_corner_a,
          co_window_unsneaky_path_e, co_window_broadway_b,
          co_window_unsneaky_path_b, co_window_paths_e, glass_columns_a,
          chequers_serial_rivers_room_a, chequers_serial_rivers_marsh,
          minmay_misc_feat_five, minmay_ruined_shrine, uniq_gastronok
D:11:     layout_cave_pods, serial_shops, nicolae_lakefront_shop, special_room
          [special_room_orc]
D:12:     layout_roguey, kennysheep_nub
D:13:     minmay_statue_hallways, layout_small_grid, serial_shops,
          nicolae_shop_overgrown_old_shop, minivault_14, uniq_maurice
D:14:     layout_loops_corners, david_vaults_4, serial_park_square3
          [serial_park_minivault_5x5_6]
D:15:     hangedman_depths_entry_civil_slaughter, layout_basic, uniq_louise
Temple:   minmay_temple_bridge_abc
Lair:1:   layout_big_grid, uniq_grum, uniq_maggie
Lair:2:   layout_cave_pods, minmay_swamp_entry_eels, special_room
          [special_room_bee], cheibrodos_lair_caveside_slide
Lair:3:   layout_layer_cave, guppyfry_lair_drakes, lemuel_fruit_tree
Lair:4:   nzn_winding_woodlands_small [nzn_winding_woodlands_5x15_garden,
          nzn_winding_woodlands_center_triple_pond,
          nzn_winding_woodlands_5x15_lazy_stream], layout_loops_ring,
          dummy_snake_entry, beast_lair_carwin_3
Lair:5:   layout_regular_city, st_stairs_11, serial_bayou_crossing, uniq_snorg
Lair:6:   cheibrodos_lair_end_hotspot, layout_regular_city,
          minmay_slime_entry_jelly_boxes, chequers_serial_rivers_small_3
Swamp:1:  layout_basic_swamp, evilmike_swamp_ruin_house_4
Swamp:2:  layout_basic_swamp, evilmike_swamp_ruin_rubble_1, uniq_nikola
Swamp:3:  layout_falls_marsh, serial_swamp_ruin, hangedman_swamp_ruin_wall,
          hangedman_swamp_ruin_hall
Swamp:4:  swamp_icy, layout_basic_swamp, swamp_pool4
Snake:1:  layout_layer_cave, basic_altar, grunt_megastairs_5, minmay_shop_star,
          uniq_agnes
Snake:2:  layout_misc_corridors, uniq_jorgrun, uniq_frances
Snake:3:  layout_onion_interference, serial_shops, bzr_firewalk,
          minmay_shoptagon
Snake:4:  johnstein_snake_rune_scales, layout_cave_shapes,
          gammafunk_ghost_cemetery, nicolae_snake_gridmaze_tees,
          dpeg_stationary_puzzle
Slime:1:  layout_caves
Slime:2:  layout_caves
Slime:3:  layout_caves
Slime:4:  layout_caves, basic_altar
Slime:5
Orc:1:    layout_caves, minmay_orc_temple_a
Orc:2:    grunt_orc_cross, layout_caves, serial_shops, nicolae_shop_trees
Elf:1:    layout_geoelf_grid, hangedman_elf_disciples
Elf:2:    nicolae_elf_blades_crystal_corner, layout_geoelf_octagon, drop_trap
Elf:3:    minmay_elf_hall_furrowed, layout_rooms, serial_shops, shop,
          uniq_asterion, uniq_aizul
Vaults:1: ontoclasm_vaults_tryst, nicolae_vaults_diagonal_hallway_9,
          nicolae_vaults_disjoint_gnomons, v_misc_12, gammafunk_sealed_arena,
          hangedman_vaults_cutoff, ontoclasm_vaults_ligature, v_alt_pattern_6,
          vaults_room_grid, vaults_room_door_ring, layout_vaults_chaotic_city,
          uniq_saint_roka, uniq_donald
Vaults:2: v_misc_10, grunt_vaults_focal, ontoclasm_vaults_eye, vaults_room_grid,
          nicolae_vaults_little_squares_5, v_misc_27, v_misc_1, v_misc_33,
          vaults_standard_mumra_x, st_lattice, nicolae_vaults_specimen_jars,
          vaults_dpeg_hooks, vaults_dpeg_diagonal,
          ontoclasm_vaults_loading_screen, ontoclasm_vaults_hangar,
          layout_vaults_big_cross, serial_shops, bzr_entry_water
Vaults:3: hangedman_vaults_nails, minmay_crypt_entry_simple_statues,
          vaults_room_corners, v_misc_24, nicolae_vaults_little_squares_3,
          nicolae_vaults_mini_display_case, vaults_mumra_hex,
          layout_vaults_omnigrid, serial_shops, bzr_entry_gold, uniq_mennas
Vaults:4: hangedman_vaults_pinch, st_more_cells, hangedman_vaults_variations,
          v_misc_27, nicolae_vaults_network_barrier, ontoclasm_vaults_spin,
          v_misc_9, vaults_room_hallway, vaults_room_semicircle,
          ontoclasm_vaults_gateway, grunt_vaults_hallway_long, vaults_dpeg_ring,
          nicolae_vaults_gold_heap, layout_vaults_omnibox
Vaults:5
Depths:1: layout_basic, hangedman_decor_diamond_cutter, hell_entry,
          gammafunk_ghost_arena, hangedman_decor_riveting,
          kennysheep_generic_room_9, minmay_shop_grove
Depths:2: minmay_central_circle, layout_basic, hell_entry, serial_curves,
          eino_curves_02, eino_curves_03, gammafunk_ghost_grave, serial_shops,
          kennysheep_mini, nicolae_shop_competitors_out_of_business,
          nicolae_shop_crystal, nicolae_shop_statue_plus, shop
Depths:3: grunt_runaround [grunt_runaround_doors_1, grunt_runaround_doors_2,
          grunt_runaround_doors_3, grunt_runaround_doors_4,
          grunt_runaround_loot], hell_entry, pan_entry
Depths:4: minmay_bubble_buster, layout_small_grid, enter_ziggurat_f,
          nicolae_trove_entry_path_of_doom, xom_teletrap_fun,
          pf_hell_entry_great_geh, abyss_entry, kennysheep_windowed_goal
Depths:5: grunt_zot_entry_gee_three, layout_gridlike, pf_coc_iceberg,
          nrook_pool_corridor, abyss_entry_flame_altar
Abyss:5:  base: Snake:2, evilmike_abyss_exit_3, hangedman_decor_lopped,
          evilmike_abyss_exit_15, minivault_27, grunt_abyss_rune_wretched_hive,
          grunt_abyss_rune_wretched_hive, base:
Snake:2

Skill      XL: |  1  2  3  4  5  6  7  8  9 10 11 12 13 14 15 16 17 18 19 20 21 22 23 24 25 26 |
---------------+-------------------------------------------------------------------------------+-----
Conjurations   | 2 4 5 6 |  6.0
Spellcasting   | 4 5 6 8 9 |  9.0
Hexes          | 1 4 6 9 10 11 12 | 12.0
Summonings     | 2 3 4 |  4.0
Unarmed Combat | 2 4 5 7 9 11 14 16 17 18 19 20 | 20.9
Fighting       | 3 6 9 10 12 15 16 18 19 | 19.3
Short Blades   | 2 4 |  4.0
Invocations    | 4 9 12 13 14 15 17 18 19 20 | 20.0
Air Magic      | 3 4 |  4.0
Poison Magic   | 3 4 |  4.0
Armour         | 3 6 8 9 10 12 | 12.0
Dodging        | 5 6 8 9 12 | 12.0
Long Blades    | 3 9 |  9.6
Translocations | 6 9 10 | 10.0
Shields        | 2 6 13 15 | 15.0
Evocations     | 6 8 10 | 10.0
Throwing       | 6 9 10 | 10.0
Stealth        | |  1.7

Action                   |  1- 3 |  4- 6 |  7- 9 | 10-12 | 13-15 | 16-18 | 19-21 | 22-24 | 25-27 || total
-------------------------+-------+-------+-------+-------+-------+-------+-------+-------+-------++-------
Melee: Dagger            |     9 |    58 |   176 |   456 |    26 |       |       |       |       ||   725
       Short sword       |    27 |       |       |       |       |       |       |       |       ||    27
       Punch             |       |       |     1 |    15 |     3 |     3 |       |       |       ||    22
       Unarmed           |       |       |       |     4 |       |       |  1022 |  1662 |  1781 ||  4469
       Pair of quick bla |       |       |       |       |   784 |  1644 |   644 |       |       ||  3072
       Demon blade       |       |       |       |       |       |    37 |       |       |       ||    37
Throw: Stone             |     7 |       |     3 |       |       |       |       |       |       ||    10
       Throwing net      |       |       |     1 |       |       |       |       |     1 |       ||     2
       Dart              |       |       |       |    33 |   131 |   125 |    44 |    19 |       ||   352
       Javelin           |       |       |       |       |       |       |     1 |    24 |       ||    25
       Boomerang         |       |       |       |       |       |       |       |   250 |   154 ||   404
 Cast: Magic Dart        |    93 |    98 |   153 |   235 |    21 |   120 |       |     1 |       ||   721
       Call Imp          |     1 |    14 |    50 |    67 |    54 |    70 |     3 |       |       ||   259
       Slow              |       |     3 |    31 |   126 |   174 |   434 |   368 |   202 |   162 ||  1500
       Blink             |       |       |     4 |    25 |    12 |    29 |    15 |    22 |    21 ||   128
       Mephitic Cloud    |       |       |     7 |    57 |    44 |    17 |    11 |    14 |       ||   150
       Tukima's Dance    |       |       |       |       |    30 |    56 |    77 |    57 |    14 ||   234
       Apportation       |       |       |       |       |       |     4 |     1 |       |     6 ||    11
       Manifold Assault  |       |       |       |       |       |       |       |    79 |    50 ||   129
Invok: Draw Destruction  |       |       |       |    19 |    14 |    52 |    30 |    36 |     3 ||   154
       Draw Summoning    |       |       |       |     3 |     3 |     3 |     5 |    10 |     1 ||    25
       Deal Four         |       |       |       |     1 |     1 |     3 |     1 |     3 |       ||     9
       Draw Escape       |       |       |       |     1 |     1 |     1 |     4 |     1 |     3 ||    11
       Triple Draw       |       |       |       |       |     1 |       |       |     2 |       ||     3
       Stack Five        |       |       |       |       |       |     1 |       |       |     1 ||     2
       Draw Stack        |       |       |       |       |       |       |       |     3 |     7 ||    10
Evoke: Wand              |       |       |    21 |    26 |    12 |    76 |    23 |    19 |    15 ||   192
       Lightning rod     |       |       |       |       |       |       |       |    10 |       ||    10
       Condenser vane    |       |       |       |       |       |       |       |     2 |     1 ||     3
  Use: Scroll            |       |     6 |     8 |     8 |     6 |    10 |     7 |     7 |     7 ||    59
       Potion            |       |       |     5 |     4 |     3 |     2 |     6 |    17 |    17 ||    54
 Stab: Distracted        |       |     1 |     2 |       |     3 |     3 |       |     1 |     1 ||    11
       Sleeping          |       |     1 |       |       |     3 |     2 |       |       |       ||     6
       Confused          |       |       |     2 |    24 |    41 |    11 |     6 |     3 |       ||    87
       Paralysed         |       |       |       |    38 |   118 |   213 |   195 |   114 |    69 ||   747
       Petrified         |       |       |       |       |       |       |     1 |     2 |       ||     3
Armor: Robe              |     8 |     2 |       |       |       |       |       |       |       ||    10
       Leather armour    |       |    18 |    29 |       |       |       |       |       |       ||    47
       Skin              |       |       |     5 |     6 |       |       |       |       |       ||    11
       Troll leather arm |       |       |    40 |    82 |   146 |   296 |   151 |       |       ||   715
       Quicksilver drago |       |       |       |       |       |       |   372 |   785 |   427 ||  1584
Dodge: Dodged            |    22 |    44 |   152 |   221 |   219 |   422 |   522 |   773 |   791 ||  3166
Block: Other             |       |       |       |       |    31 |   148 |    24 |       |       ||   203
       Reflection        |       |       |       |       |     2 |    20 |     3 |       |       ||    25
       Buckler           |       |       |       |       |       |       |   216 |   397 |    64 ||   677
       Kite shield       |       |       |       |       |       |       |       |       |   739 ||   739
       Rpst.: Demon blade |       |       |       |       |       |     4 |       |       |       ||     4
